Map: Romanticide LE

Players

Namshar - Winner!

  • Race: Zerg Zerg
  • League: Master

JonSnow

  • Race: Zerg Zerg
  • League: Master

Event: DreamHack SC2 Masters 2021 Summer

VOD

Have the link to the VOD?

Description

Time

  • Played on: May 25, 2021, 5:40 p.m.
  • Length: 19:55

All games in this series

Show
View Real Time Build Order
Export as new Build Order

Namshar Zerg - Winner!

Build Orders: Hatch First, Lurkers 

Get SALT Encoding   

  12  0:00  Drone  
  13  0:12  Overlord  
  13  0:17  Drone  
  14  0:31  Drone x2  
  16  0:47  Hatchery  
  15  0:50  Drone  
  15  0:54  Drone  
  17  0:57  Drone  
  18  1:08  Extractor  
  17  1:12  Spawning Pool  
  17  1:16  Drone  
  17  1:18  Drone  
  18  1:28  Drone  
  19  1:41  Drone  
  20  1:49  Drone  
  21  1:59  Queen x2  
  21  2:00  Drone, Overlord  
  26  2:11  Drone x2, Metabolic Boost  
  28  2:22  Drone, Zergling x2  
  30  2:31  Drone  
  30  2:32  Drone  
  30  2:35  Hatchery  
  31  2:43  Drone  
  32  2:45  Overlord  
  32  2:52  Baneling Nest  
  32  2:55  Drone  
  32  3:00  Zergling x2  
  33  3:10  Zergling x4  
  33  3:12  Drone x6  
  41  3:17  Queen  
  43  3:24  Overlord  
  43  3:26  Drone  
  44  3:31  Evolution Chamber  
  43  3:35  Baneling x2  
  43  3:36  Baneling  
  43  3:37  Zergling x2  
  43  3:40  Overlord  
  44  3:48  Zergling x6  
  46  3:57  Drone x4  
  46  4:00  Lair  
  50  4:05  Roach Warren  
  50  4:08  Extractor x2  
  50  4:09  Drone x4  
  51  4:19  Zergling x4  
  51  4:23  Overlord  
  52  4:25  Drone x6  
  58  4:34  Drone x4  
  58  4:36  Overlord  
  58  4:38  Zerg Missile Weapons Level 1  
  62  4:40  Drone x2  
  63  4:49  Extractor, Drone x5  
  63  4:51  Extractor  
  66  4:54  Baneling x2  
  65  5:06  Drone x10  
  62  5:15  Zergling x2  
  62  5:16  Zergling x2  
  62  5:20  Queen  
  59  5:31  Drone x8  
  59  5:32  Baneling  
  59  5:33  Baneling  
  67  5:40  Overlord  
  67  5:46  Roach x3  
  67  5:49  Nydus Network  
  72  5:53  Spine Crawler, Roach x3  
  78  5:57  Spine Crawler x2  
  78  6:01  Roach  
  78  6:04  Roach x3  
  83  6:08  Baneling x4  
  83  6:09  Roach  
  83  6:10  Roach x2  
  89  6:16  Overlord  
  87  6:27  Roach x2  
  83  6:34  Roach x8  
  83  6:38  Roach  
  94  6:46  Roach x3  
  88  6:50  Roach  
  84  6:54  Roach x2  
  74  7:02  Roach x3  
  74  7:06  Roach  
  75  7:22  Roach x4  
  77  7:31  Roach  
  77  7:32  Roach x2  
  77  7:33  Glial Reconstitution  
  81  7:44  Queen  
  81  7:45  Queen x2  
  81  7:49  Drone x2  
  89  7:51  Overlord  
  89  8:03  Zerg Missile Weapons Level 2  
  89  8:04  Overlord  
  89  8:09  Drone x7  
  96  8:17  Ravager  
  95  8:20  Drone x2  
  95  8:21  Drone  
  86  8:27  Drone x3  
  87  8:38  Overseer  
  87  8:39  Pneumatized Carapace  
  87  8:43  Drone x2  
  87  8:44  Drone, Evolution Chamber  
  87  8:46  Hatchery  
  88  8:55  Extractor, Spire  
  86  9:00  Drone x6  
  86  9:02  Overlord  
  92  9:07  Roach x3  
  98  9:17  Overlord  
  98  9:19  Extractor  
  98  9:22  Roach x2  
  98  9:23  Roach x2  
  105  9:29  Roach x3  
  111  9:32  Ravager  
  111  9:34  Roach x3  
  111  9:36  Overlord x2  
  118  9:44  Ravager  
  118  9:45  Ravager x2  
  122  9:46  Ravager x2  
  122  9:47  Roach x3  
  128  9:59  Roach x5  
  124  10:08  Roach x5  
  124  10:13  Roach x3  
  116  10:21  Roach  
  116  10:22  Roach x4  
  116  10:24  Overseer  
  116  10:25  Overseer  
  126  10:29  Roach x2  
  126  10:34  Roach  
  126  10:35  Roach x2  
  136  10:39  Overlord  
  136  10:48  Overlord x2  
  136  10:50  Zerg Ground Armor Level 1  
  136  10:57  Queen  
  136  11:02  Ravager  
  136  11:03  Ravager  
  140  11:04  Overlord x4  
  140  11:05  Overlord x2  
  140  11:06  Roach x3  
  146  11:17  Ravager x2, Roach  
  146  11:18  Roach x5  
  160  11:25  Drone x4  
  164  11:36  Roach x7  
  178  11:49  Queen  
  177  11:57  Roach  
  177  11:58  Roach x9  
  197  12:02  Drone x2  
  197  12:05  Extractor  
  184  12:26  Roach  
  184  12:27  Roach x12  
  127  12:37  Roach x2  
  127  12:38  Roach x6  
  139  12:47  Ravager  
  139  12:48  Ravager x2  
  139  12:49  Roach x5  
  152  12:54  Zerg Ground Armor Level 2  
  152  13:00  Drone, Hydralisk Den  
  152  13:02  Roach  
  154  13:18  Ravager x2  
  154  13:19  Drone  
  149  13:20  Drone x7, Extractor  
  155  13:31  Grooved Spines  
  155  13:32  Infestation Pit  
  154  13:34  Drone, Lurker Den  
  154  13:35  Drone  
  155  13:42  Roach  
  155  13:43  Roach x8  
  173  13:54  Overlord x2  
  158  14:06  Hydralisk x8  
  170  14:14  Spore Crawler  
  170  14:15  Spine Crawler, Spore Crawler  
  167  14:31  Hatchery, Ravager x2  
  168  14:32  Lurker x3  
  168  14:37  Lurker x3  
  174  14:41  Hydralisk x3  
  180  14:48  Lurker  
  163  15:00  Hydralisk x6  
  171  15:12  Hydralisk x4  
  177  15:15  Drone  
  177  15:16  Spore Crawler  
  177  15:17  Overseer  
  177  15:21  Hive  
  162  15:38  Hydralisk  
  162  15:39  Roach x11  
  166  15:49  Roach  
  160  15:50  Roach  
  146  16:05  Roach x11  
  146  16:06  Ravager x3  
  171  16:12  Overlord x2  
  171  16:16  Ravager x2  
  173  16:23  Lurker  
  172  16:35  Lurker  
  172  16:37  Roach  
  172  16:38  Roach x9  
  184  16:42  Lurker  
  183  16:52  Seismic Spines  
  183  16:54  Muscular Augments  
  183  16:58  Overlord x2  
  183  16:59  Overseer x2  
  183  17:00  Overseer  
  183  17:20  Hydralisk x3  
  183  17:22  Overlord x2  
  189  17:26  Spine Crawler  
  189  17:27  Extractor  
  189  17:28  Extractor, Spine Crawler, Spore Crawler  
  182  17:47  Spore Crawler  
  182  17:49  Adaptive Talons, Spore Crawler  
  180  17:52  Lurker x4  
  184  18:03  Drone x2  
  184  18:04  Overlord x3  
  186  18:06  Hydralisk x2  
  188  18:28  Viper x2  
  194  18:37  Viper  
  197  18:48  Lurker x3, Overseer  
  198  19:04  Hydralisk  
  198  19:06  Overseer  
  194  19:40  Ravager  
Show
View Real Time Build Order
Export as new Build Order

JonSnow Zerg 

Build Orders: Hatch First, Lurkers 

Get SALT Encoding   

  12  0:01  Drone  
  13  0:12  Overlord  
  13  0:17  Drone  
  14  0:30  Drone x2  
  16  0:48  Hatchery  
  15  0:50  Drone  
  15  0:55  Drone  
  17  0:59  Drone  
  18  1:09  Extractor  
  17  1:13  Spawning Pool  
  17  1:16  Drone  
  17  1:21  Drone  
  18  1:28  Drone  
  19  1:39  Drone  
  20  1:49  Overlord  
  20  1:59  Queen  
  20  2:00  Queen  
  24  2:01  Drone x2  
  26  2:10  Metabolic Boost  
  26  2:11  Drone x2  
  28  2:22  Zergling x2  
  29  2:26  Drone  
  30  2:34  Hatchery  
  29  2:39  Drone x2  
  31  2:50  Baneling Nest  
  31  2:51  Overlord  
  30  3:04  Zergling x4  
  30  3:05  Zergling x2  
  33  3:10  Drone x5  
  33  3:11  Drone  
  38  3:13  Drone  
  38  3:15  Drone  
  38  3:19  Overlord  
  40  3:22  Drone  
  41  3:32  Zergling x4  
  43  3:42  Evolution Chamber  
  43  3:45  Baneling x2  
  43  3:46  Drone x4  
  43  3:47  Drone x3  
  49  3:49  Overlord  
  49  3:59  Lair  
  49  4:05  Extractor  
  49  4:06  Extractor  
  49  4:07  Drone x4  
  49  4:08  Roach Warren  
  50  4:10  Extractor  
  49  4:21  Zergling x6  
  52  4:25  Overlord  
  52  4:27  Queen  
  52  4:29  Zergling x10  
  59  4:33  Overlord  
  59  4:38  Overlord  
  59  4:43  Overlord  
  59  4:52  Overlord  
  57  5:02  Roach x3  
  57  5:03  Roach x4  
  57  5:06  Roach  
  70  5:11  Roach x2  
  69  5:18  Roach x2  
  71  5:25  Roach x3  
  71  5:27  Roach  
  78  5:31  Roach  
  78  5:32  Zergling x2  
  81  5:37  Roach x2  
  81  5:42  Zergling x4  
  87  5:46  Zergling x4  
  89  5:50  Zergling x4  
  89  5:53  Zergling x4  
  89  5:56  Ravager x2  
  96  5:57  Ravager x2  
  96  6:03  Zergling x8  
  101  6:08  Baneling x2  
  101  6:10  Zergling x2  
  101  6:11  Zergling x4  
  104  6:13  Baneling x2  
  104  6:16  Baneling x4  
  102  6:26  Zergling x8  
  101  6:37  Hydralisk Den  
  88  6:41  Zergling x14  
  88  6:46  Zergling x6  
  89  6:51  Zergling x4  
  85  6:57  Zergling x6  
  81  7:02  Glial Reconstitution  
  76  7:11  Drone x4, Zerg Missile Weapons Level 1  
  75  7:20  Roach  
  75  7:21  Roach x2  
  71  7:25  Lurker Den  
  66  7:30  Roach x2  
  66  7:35  Roach x2  
  69  7:40  Roach  
  69  7:42  Roach  
  69  7:43  Roach  
  74  7:48  Roach  
  76  7:52  Ravager  
  76  7:53  Ravager, Roach x2  
  76  7:57  Hydralisk  
  84  8:03  Roach x2  
  88  8:12  Hydralisk  
  86  8:15  Roach x3  
  92  8:25  Lurker  
  89  8:28  Hydralisk x3  
  89  8:32  Drone  
  89  8:33  Drone x4  
  100  8:38  Lurker  
  100  8:39  Drone x2  
  103  8:51  Hydralisk  
  103  8:52  Overlord x3  
  103  8:54  Drone  
  104  9:04  Queen  
  104  9:08  Overlord  
  104  9:09  Zerg Missile Weapons Level 2  
  106  9:11  Lurker x3  
  106  9:14  Hydralisk  
  106  9:15  Hydralisk  
  113  9:21  Hydralisk x2  
  117  9:24  Lurker  
  117  9:29  Hydralisk  
  120  9:32  Drone x4  
  120  9:34  Extractor  
  120  9:35  Extractor  
  122  9:39  Roach x2  
  122  9:45  Roach x3  
  132  9:56  Roach x4  
  137  10:05  Roach x3  
  108  10:14  Roach  
  108  10:15  Roach x6  
  122  10:34  Drone x5  
  122  10:35  Drone x3  
  130  10:36  Drone, Hatchery  
  130  10:43  Hydralisk x2  
  130  10:49  Lurker x4  
  138  11:04  Overlord x4  
  138  11:10  Extractor  
  137  11:13  Overseer  
  137  11:15  Extractor  
  137  11:16  Lurker x2  
  138  11:19  Pneumatized Carapace, Overlord  
  138  11:25  Overlord x2  
  138  11:30  Hydralisk x2  
  138  11:32  Roach x3  
  146  11:33  Roach  
  146  11:43  Overlord x2  
  146  11:44  Zerg Ground Armor Level 1  
  144  11:55  Overlord  
  144  11:57  Drone x3  
  144  12:00  Grooved Spines  
  144  12:01  Hydralisk x3  
  147  12:03  Lurker  
  147  12:04  Lurker  
  153  12:09  Overlord  
  153  12:12  Hydralisk x2  
  155  12:17  Lurker  
  149  12:23  Roach x4  
  149  12:26  Roach  
  149  12:27  Roach  
  149  12:29  Roach  
  143  12:32  Roach  
  143  12:36  Hydralisk x2  
  126  12:44  Drone x7  
  126  12:47  Lurker x2  
  134  12:54  Lurker  
  134  12:55  Lurker x2  
  134  12:58  Hydralisk x2  
  141  13:08  Lurker x2  
  141  13:15  Roach  
  141  13:16  Roach x6  
  145  13:28  Hydralisk x5  
  155  13:35  Lurker x2  
  155  13:38  Hydralisk x2  
  155  13:39  Hydralisk  
  163  13:47  Hydralisk x4  
  171  14:02  Hydralisk x6  
  160  14:08  Lurker  
  160  14:09  Lurker  
  174  14:15  Hydralisk x2, Overlord x2  
  174  14:16  Hydralisk  
  180  14:18  Overseer  
  180  14:24  Muscular Augments  
  180  14:25  Roach x2  
  184  14:33  Overlord  
  184  14:35  Lurker x2  
  176  14:45  Lurker x2  
  178  14:55  Roach x9  
  190  15:02  Overseer  
  190  15:04  Roach x5  
  190  15:05  Roach x2  
  198  15:08  Roach  
  200  15:16  Overseer x2  
  200  15:30  Roach  
  200  15:31  Roach x10  
  176  15:37  Hydralisk  
  176  15:41  Roach x3  
  164  15:43  Overseer  
  164  15:48  Roach  
  154  15:53  Hydralisk x3  
  148  15:59  Roach  
  150  16:06  Hydralisk x3  
  156  16:12  Hydralisk x3  
  156  16:13  Hydralisk  
  156  16:15  Lurker x3  
  164  16:21  Roach x2  
  168  16:32  Hydralisk x4  
  165  16:39  Hydralisk x2  
  151  16:45  Hydralisk x3  
  151  16:46  Infestation Pit  
  153  16:56  Hydralisk x3  
  159  17:04  Hatchery  
  159  17:07  Lurker x2  
  160  17:09  Hydralisk x2  
  160  17:12  Roach  
  160  17:13  Roach x2  
  170  17:29  Overlord x2  
  170  17:31  Overseer  
  170  17:35  Hive  
  168  17:57  Lurker x5  
  173  17:59  Overlord x3  
  173  18:00  Extractor  
  173  18:02  Overseer  
  173  18:04  Extractor  
  171  18:16  Drone  
  171  18:17  Drone  
  171  18:18  Hatchery  
  172  18:23  Spore Crawler  
  172  18:25  Spine Crawler  
  170  18:33  Roach  
  170  18:34  Roach x7  
  186  18:47  Viper x2  
  186  18:48  Viper  
  189  18:53  Overseer  
  182  18:56  Spine Crawler  
  182  18:58  Spine Crawler  
  178  19:04  Lurker x3  
  181  19:13  Hydralisk  
  181  19:14  Hydralisk x2  
  167  19:27  Hydralisk x4  
  167  19:30  Overseer  
Tags
 
Add a new tag
Caveats
  • Supply blocks, unpowered buildings, or Contaminate may cause inaccurate times.
  • Supply counts are checked every 10 seconds.